Map: World of Sleepers LE

Players

Dear

  • Race: Protoss Protoss
  • League: Master
  • Spawn Location: 1:00

DRG - Winner!

  • Race: Zerg Zerg
  • League: Master
  • Spawn Location: 7:00

VOD

Have the link to the VOD?

Description

Time

  • Played on: Jan. 9, 2020, 4:53 a.m.
  • Length: 8:59
Show
View Real Time Build Order
Export as new Build Order

Dear Protoss 

Build Orders: 1 Gate Expand, Zealot Archon, Archon Drop, Dark Templar Rush 

Get SALT Encoding   

  12  0:00  Probe  
  13  0:12  Probe  
  14  0:20  Pylon  
  14  0:24  Probe  
  15  0:30  Assimilator  
  15  0:38  Probe (Chrono Boost)  
  16  0:45  Gateway  
  16  0:49  Probe (Chrono Boost)  
  17  0:54  Probe (Chrono Boost)  
  18  1:05  Probe  
  19  1:17  Probe  
  20  1:24  Nexus  
  20  1:32  Cybernetics Core  
  20  1:34  Probe  
  20  1:39  Assimilator  
  21  1:46  Probe  
  22  1:49  Pylon  
  22  1:58  Probe  
  23  2:05  Adept (Chrono Boost)  
  25  2:10  Probe  
  25  2:12  Twilight Council  
  25  2:15  Warp Gate  
  26  2:23  Probe  
  29  2:35  Probe (Chrono Boost)  
  29  2:36  Probe (Chrono Boost)  
  29  2:39  Robotics Facility  
  30  2:45  Probe x2 (Chrono Boost)  
  30  2:50  Probe x2 (Chrono Boost)  
  33  3:01  Probe  
  33  3:02  Probe, Stalker  
  33  3:04  Dark Shrine  
  35  3:13  Probe  
  35  3:14  Probe  
  35  3:17  Gateway  
  37  3:21  Gateway  
  37  3:27  Shield Battery  
  37  3:33  Warp Prism (Chrono Boost)  
  37  3:37  Probe  
  37  3:38  Probe  
  41  3:45  Pylon  
  41  3:50  Probe (Chrono Boost)  
  41  3:53  Assimilator  
  41  3:55  Probe (Chrono Boost), Assimilator  
  43  4:00  Probe (Chrono Boost), Pylon  
  45  4:03  Probe (Chrono Boost)  
  45  4:05  Probe (Chrono Boost)  
  46  4:10  Observer  
  46  4:14  Probe  
  48  4:17  Probe  
  48  4:20  Pylon  
  48  4:24  Dark Templar x3  
  53  4:26  Probe  
  56  4:32  Probe  
  56  4:34  Immortal (Chrono Boost)  
  61  4:42  Charge  
  61  4:57  Nexus  
  61  4:59  Archon  
  61  5:00  Pylon  
  61  5:01  Dark Templar  
  61  5:05  Sentry  
  61  5:06  Archon  
  65  5:11  Immortal (Chrono Boost)  
  69  5:20  Zealot  
  71  5:22  Shield Battery  
  71  5:30  Dark Templar  
  73  5:40  Gateway  
  73  5:41  Gateway  
  59  5:43  Pylon, Sentry  
  59  5:45  Warp Prism (Chrono Boost)  
  59  5:49  Gateway  
  63  5:51  Gateway  
  63  5:53  Sentry  
  65  5:59  Gateway  
  65  6:00  Gateway  
  65  6:03  Sentry  
  67  6:09  Dark Templar  
  69  6:20  Dark Templar  
  69  6:23  Probe  
  69  6:24  Probe x2  
  74  6:31  Archon  
  74  6:34  Assimilator  
  74  6:36  Probe x3 (Chrono Boost)  
  74  6:38  Immortal, Assimilator  
  81  6:44  Zealot  
  81  6:45  Zealot  
  88  6:47  Probe x3 (Chrono Boost)  
  88  6:48  Pylon  
  88  6:52  Probe x3 (Chrono Boost)  
  91  7:02  Probe x2  
  91  7:06  Probe  
  94  7:11  Pylon  
  94  7:13  Dark Templar x2  
  94  7:14  Probe x2, Dark Templar  
  101  7:18  Archon  
  101  7:19  Archon  
  101  7:21  Pylon  
  101  7:22  Pylon  
  102  7:30  Dark Templar  
  102  7:31  Dark Templar x2  
  102  7:33  Dark Templar  
  102  7:34  Pylon  
  102  7:35  Archon, Pylon  
  109  7:40  Zealot  
  109  7:42  Archon  
  111  7:50  Observer (Chrono Boost)  
  112  7:53  Dark Templar x2, Zealot  
  112  7:57  Archon  
  118  8:06  Zealot x5  
  128  8:18  Warp Prism  
  83  8:41  Stalker x4  
  83  8:42  Stalker x4  
Show
View Real Time Build Order
Export as new Build Order

DRG Zerg - Winner!

Build Orders: Hatch First 

Get SALT Encoding   

  12  0:00  Drone  
  13  0:12  Overlord  
  13  0:16  Drone  
  14  0:30  Drone x2  
  16  0:46  Hatchery  
  15  0:50  Drone  
  15  0:53  Drone  
  18  0:57  Drone  
  18  1:07  Extractor  
  17  1:12  Spawning Pool  
  17  1:15  Drone  
  17  1:18  Drone  
  18  1:28  Drone  
  19  1:38  Drone  
  20  1:48  Hatchery  
  20  1:50  Drone  
  20  1:59  Drone  
  20  2:00  Drone  
  22  2:02  Queen  
  24  2:09  Drone  
  24  2:12  Overlord  
  25  2:21  Queen  
  27  2:24  Drone  
  27  2:28  Metabolic Boost  
  28  2:31  Zergling x2  
  28  2:33  Zergling x2  
  30  2:38  Drone  
  30  2:42  Queen  
  33  2:46  Drone  
  33  2:48  Drone  
  35  2:54  Extractor  
  35  2:56  Spore Crawler  
  35  2:58  Spore Crawler  
  32  2:59  Spore Crawler  
  32  3:02  Overlord  
  32  3:04  Drone x4  
  39  3:10  Queen  
  41  3:15  Overlord  
  41  3:17  Drone  
  42  3:22  Queen  
  42  3:25  Drone  
  45  3:27  Drone x2  
  45  3:30  Drone  
  48  3:34  Drone  
  48  3:36  Drone x2  
  48  3:37  Drone  
  52  3:41  Drone x2  
  52  3:43  Drone  
  52  3:46  Overlord  
  55  3:48  Queen  
  55  3:52  Drone  
  55  3:53  Overlord  
  58  3:56  Overlord  
  58  4:00  Spore Crawler  
  58  4:02  Spore Crawler  
  56  4:03  Spore Crawler  
  56  4:06  Zergling x4  
  56  4:09  Zergling x2  
  58  4:12  Zergling x4  
  58  4:13  Zergling x2  
  58  4:14  Drone  
  58  4:15  Drone  
  63  4:19  Lair  
  63  4:20  Drone  
  63  4:21  Drone  
  66  4:24  Drone  
  66  4:26  Extractor x2  
  66  4:31  Roach Warren  
  62  4:32  Drone  
  62  4:33  Drone  
  65  4:38  Drone x4  
  65  4:40  Drone x2  
  65  4:42  Drone  
  71  4:46  Drone  
  71  4:50  Zergling x8  
  71  4:52  Drone  
  76  4:58  Drone  
  77  5:00  Overlord x2  
  77  5:01  Extractor  
  77  5:02  Extractor  
  77  5:05  Overlord  
  75  5:11  Roach x3  
  81  5:14  Overlord  
  81  5:19  Glial Reconstitution  
  81  5:21  Roach x5  
  91  5:23  Overseer  
  88  5:37  Drone x10  
  95  5:43  Extractor  
  95  5:44  Drone x5  
  99  5:50  Spire  
  99  5:51  Drone  
  99  5:54  Roach  
  99  5:55  Roach  
  103  5:58  Overlord  
  103  6:02  Evolution Chamber  
  102  6:07  Hatchery  
  102  6:09  Overseer  
  101  6:13  Roach  
  101  6:14  Roach x2  
  106  6:18  Overlord x2  
  106  6:20  Drone  
  106  6:22  Drone  
  106  6:25  Roach x3  
  114  6:28  Roach x2  
  114  6:30  Ravager  
  114  6:31  Ravager x4  
  121  6:34  Overlord  
  121  6:37  Zerg Melee Weapons Level 1  
  121  6:41  Zergling x8  
  121  6:44  Roach, Ravager x2  
  121  6:45  Roach  
  131  6:48  Overlord  
  131  6:50  Overlord  
  131  6:54  Zergling x2  
  131  6:55  Zergling x8  
  131  6:58  Roach  
  131  6:59  Overseer  
  138  7:05  Overlord x3  
  136  7:22  Zergling x24  
  148  7:33  Roach x3  
  154  7:39  Mutalisk x6  
  154  7:43  Mutalisk x2  
  168  7:46  Overlord x2  
  168  7:54  Overseer, Overlord x2  
  168  7:56  Roach  
  168  7:57  Roach x3  
  175  8:00  Roach x2  
  175  8:03  Roach  
  175  8:04  Ravager x2  
  183  8:08  Roach x3  
  183  8:11  Roach x2  
  191  8:17  Roach x3  
  197  8:21  Roach  
  197  8:25  Roach x2  
  197  8:33  Roach x6  
  190  8:39  Roach x3  
Tags
 
Add a new tag
Caveats
  • Supply blocks, unpowered buildings, or Contaminate may cause inaccurate times.
  • Supply counts are checked every 10 seconds.